 Dungeon Crawl Stone Soup version 0.30-a0-135-g630cfc4551 (webtiles) character file.

Game seed: 3160619153293870134

11 IdlyInterested the Trooper (level 2, 0/24 HPs)
             Began as a Demonspawn Wanderer on Sept 20, 2022.
             Slain by a worm (7 damage)
             ... on level 2 of the Dungeon.
             The game lasted 00:02:53 (759 turns).

IdlyInterested the Trooper (Demonspawn Wanderer)     Turns: 759, Time: 00:02:54

Health: 0/24       AC: 11    Str: 15    XL:     2   Next: 13%
Magic:  3/3        EV:  6    Int: 14    God:
Gold:   47         SH:  9    Dex:  8    Spells: 2/3 levels left

rFire   . . .      SeeInvis .    a - +1 flail
rCold   . . .      Faith    .    k - +0 tower shield
rNeg    . . .      Spirit   .    b - +0 ring mail
rPois   .          Reflect  .    (no helmet)
rElec   .          Harm     .    (no cloak)
rCorr   .          Rampage  .    (no gloves)
Will    .....                    (no boots)
Stlth   ..........               (no amulet)
HPRegen 0.08/turn                l - ring of flight
MPRegen 0.08/turn                (no ring)

@: sanguine armoured, flying
A: sanguine armour 1
a: no special abilities


You were on level 2 of the Dungeon.
You visited 1 branch of the dungeon, and saw 2 of its levels.

You collected 47 gold pieces.

Inventory:

Hand Weapons
 a - a +1 flail (weapon)
Missiles
 i - 4 poisoned darts
Armour
 b - a +0 ring mail (worn)
 k - a +0 tower shield (worn)
 m - a +0 robe
Jewellery
 l - a ring of flight (left hand)
Scrolls
 c - 3 scrolls of fog
 e - a scroll of enchant weapon
 f - 3 scrolls of identify
Potions
 d - a potion of cancellation
 g - a potion of heal wounds
 j - a potion of might


   Skills:
 + Level 3.1 Fighting
 - Level 1.7 Maces & Flails
 - Level 2.0 Armour
 - Level 1.0 Dodging
 + Level 0.0 Stealth
 - Level 1.0 Spellcasting
 * Level 1.7 Summonings


You had 2 spell levels left.
You knew the following spells:

 Your Spells              Type           Power      Damage    Failure   Level
a - Summon Small Mammal   Summ           20%        N/A       99%         1

Your spell library contained the following spells:

 Spells                   Type           Power      Damage    Failure   Level
 Call Canine Familiar     Summ           5%         N/A       100%        3
 Portal Projectile        Hex/Tloc       0%         N/A       100%        3
 Summon Guardian Golem    Hex/Summ       3%         N/A       100%        3
 Leda's Liquefaction      Hex/Erth       0%         N/A       100%        4
 Arcjolt                  Conj/Air       0%         1d10      100%        5
 Iskenderun's Battlesphe  Conj           0%         2d6       100%        5
 Iron Shot                Conj/Erth      0%         9d1       100%        6
 Spellforged Servitor     Conj/Summ      1%         N/A       100%        7


Dungeon Overview and Level Annotations

Branches:
Dungeon (2/15)

Altars:
Makhleb


Innate Abilities, Weirdness & Mutations

When seriously injured, your blood forms armour. (AC +6)


Message History

There is a stone staircase leading down here.
You fly downwards.
There is a stone staircase leading up here.
As you read the scroll labelled FIEFIPS ASOUTO, it crumbles to dust.
It is a scroll of enchant weapon.
Your +0 flail glows red for a moment.
As you read the scroll labelled JOUTHOCISUC, it crumbles to dust.
It is a scroll of identify.
d - a potion of cancellation
As you read the scroll of identify, it crumbles to dust.
g - a potion of heal wounds
As you read the scroll of identify, it crumbles to dust.
j - a potion of might The air fills with toxic fumes!
As you read the scroll labelled PIKLUXK ITWUQU, it crumbles to dust.
It was a scroll of poison.
You start waiting.
Done waiting.
Found a stone staircase leading down.
A ball python comes into view.
The ball python hisses angrily.
A worm comes into view.
You hit the ball python.
You kill the ball python!
Found a glowing sapphire potion.
You hit the worm but do no damage. The worm bites you.
You hit the worm.
The worm is lightly wounded.
The worm bites you.
You hit the worm.
The worm is lightly wounded.
The worm bites you!
Your blood congeals into armour.
You sock the worm!
The worm is severely wounded.
The worm bites you.
* * * LOW HITPOINT WARNING * * *
You barely miss the worm.
The worm is severely wounded.
The worm bites you!
You die...

### #...####
#.#.#... #.#.#.
#.#.#
###########...######
#<.........>........
###########.......#
#.@...### #.w...#
.......# .........#
#..!......#
#.........#
#.........#
#.........#


You could see a worm.

Vanquished Creatures
  A dart slug (D:1)
  An endoplasm (D:1)
  A giant cockroach (D:1)
  A quokka (D:1)
  A ball python (D:2)
  2 goblins (D:1)
  A rat (D:1)
8 creatures vanquished.

Vanquished Creatures (collateral kills)
  A bat (D:1)
1 creature vanquished.

Grand Total: 9 creatures vanquished

Notes
Turn   | Place    | Note
-------+----------+-------------------------------------------
     0 | D:1      | IdlyInterested the Demonspawn Wanderer began the quest for
                  | the Orb.
     0 | D:1      | IdlyInterested set off with the following items: a +0
                  | flail, a +0 ring mail, a scroll of fog; and the following
                  | spell memorised: Summon Small Mammal; and the following
                  | spells available to memorise: Summon Guardian Golem.
     0 | D:1      | Reached XP level 1. HP: 18/18 MP: 2/2
   344 | D:1      | Gained mutation: When seriously injured, your blood forms
                  | armour. (AC +6) [demonic ancestry]
   344 | D:1      | Reached XP level 2. HP: 24/24 MP: 3/3
   582 | D:2      | Found a burning altar of Makhleb.
   759 | D:2      | Slain by a worm

Illustrated notes

Levels and vault maps discovered:
D:1:      wander_arrival_estate, layout_rooms
D:2:      layout_basic, serial_aquarium, aquarium_bridge_square
          [aquarium_subvault_bridge, aquarium_subvault_window,
          aquarium_subvault_bridge, aquarium_subvault_wall], aquarium_window_1,
          aquarium_window_2, aquarium_window_corridor_2, aquarium_view_2d,
          aquarium_view_2d, aquarium_balcony_1b, basic_altar,
          minmay_tetromino_o4

Skill      XL: |  1 |
---------------+----+-----
Armour         | 2 |  2.0
Fighting       | |  3.1
Maces & Flails | |  1.7
Dodging        | |  1.0
Spellcasting   | |  1.0
Summonings     | |  1.7

Action                   || total
-------------------------++-------
Melee: Flail             ||    30
 Cast: Summon Small Mamm ||     4
  Use: Scroll            ||     5
Armor: Ring mail         ||     9
Dodge: Dodged            ||    18

Table legend: (Time is in decaauts)
 A = Elapsed time spent in this place.
 B = Non-inter-level travel time spent in this place.
 C = Inter-level travel time spent in this place.
 D = Time resting spent in this place.
 E = Time spent auto-exploring this place.
 F = Levels seen in this place.
 G = Mean time per level.
                   A        B        C        D        E       F      G
               +--------+--------+--------+--------+--------+-----+--------+
         Total |    769 |    649 |    120 |    107 |    335 |   2 |  384.5 |
       Dungeon |    769 |    649 |    120 |    107 |    335 |   2 |  384.5 |
               +--------+--------+--------+--------+--------+-----+--------+

Top non-repeatable levels by time:
     D:1: 621 daAuts
     D:2: 148 daAuts
